[Event "*** Titled Tuesday Blitz"]
[Site "Chess.com"]
[Date "2020.02.04"]
[Round "4"]
[White "SCIM"]
[Black "FedaMaster"]
[Result "1-0"]
[WhiteElo "2460"]
[BlackElo "2585"]
[TimeControl "180+2"]
[EndTime "13:52:03 PST"]
[Termination "SCIM won by resignation"]

1. d4 Nf6 2. c4 g6 3. Nc3 d5 4. cxd5 Nxd5 5. e4 Nxc3 6. bxc3 c5 7. Bc4 Bg7 8. Ne2 O-O 9. O-O Nc6 10. Be3 b6 11.
Qd2 Bb7 12. Rad1 cxd4 13. cxd4 Na5 14. Bd3 Qd6 15. Rc1 Rac8 16. h4 Rxc1 17. Rxc1 Rc8 18.
h5 Rxc1+ 19. Qxc1 e6 20. h6 Bf8 21. Bf4 Qc6 22. Qxc6 Nxc6 23. f3 f6 24. Kf2 Nb4 25.
Bc4 Kf7 26. Bd2 a5 27. Nf4 Bc8 28. a3 Nc2 29. d5 Bxa3 30. dxe6+ Kf8 31. Nxg6+ hxg6 32. g4 g5 33. e5 Bc5+ 34. Kg3 Be7 35. exf6 Bxf6 36. f4 Nd4 37. fxg5 Bxg5 38. Bxg5 Bxe6 39. Bf6 Bg8 40. Bxg8 Kxg8 41. Bxd4 b5 42. g5 Kh7 43. Kg4 Kg6 44. Bc3 b4 45. Bd4 a4 46. Kf4 a3 47.
Bc5 b3 48. Bxa3 b2 49. Bxb2 Kh7 50. Kf5 Kg8 51. Kg6 1-0

[Event "*** Titled Tuesday Blitz"]
[Site "Chess.com"]
[Date "2020.02.04"]
[Round "4"]
[White "Fy_Rakotomaharo"]
[Black "kacprekt"]
[Result "0-1"]
[WhiteElo "2550"]
[BlackElo "2405"]
[TimeControl "180+2"]
[EndTime "13:52:12 PST"]
[Termination "kacprekt won by resignation"]

1. e4 c6 2. Nf3 d5 3. d3 g6 4. e5 Bg7 5. d4 c5 6. dxc5 Nc6 7.
Bb5 Bd7 8. Qxd5 Qa5+ 9. Nc3 O-O-O 10.
Bxc6 Bxc6 11. Qxf7 Bh6 12. O-O Qxc5 13. Bxh6 Nxh6 14.
Qe6+ Kb8 15. Qh3 Nf5 16. Rad1 Bxf3 17. Qxf3 Qxe5 18. Rfe1 Rxd1 19. Qxd1 Qc7 20. Nd5 Qd6 21. c4 Rd8 22. Qe2 Qc5 23. Qe5+ Rd6 24. h3 e6 25. Nf6 Qxe5 26. Rxe5 Rd1+ 27. Kh2 Rd2 28. Rxe6 Rxf2 29. Nd5 b5 30. c5 Rd2 31. Nc3 Nd4 32. Re7 Rxb2 33. Ne4 h5 34. Nd6 h4 35. Kg1 Rc2 36.
Rb7+ Ka8 37. Rc7 a5 38. Kf1 Kb8 39. Rb7+ Ka8 40. Rc7 Kb8 41. Rc8+ Ka7 42. Ke1 Ne6 43. c6 Kb6 44. Rb8+ Kc7 45. Rxb5 Kxd6 46. Rxa5 Rxc6 47. Ra8 Rc4 48. Kf2 Ke5 49. Kf3 Rf4+ 50. Ke3 Re4+ 51. Kd3 Nf4+ 52. Kc3 Nxg2 53. Ra5+ Kf4 54. a3 Kg3 55.
Rg5+ Kxh3 56. Rxg6 Re3+ 57. Kb4 Nf4 58. Rg8 Kh2 59. a4 Nd5+ 60. Kc5 Nf6 61. Rg6 Re6 62. a5 Ne4+ 0-1

[Event "*** Titled Tuesday Blitz"]
[Site "Chess.com"]
[Date "2020.02.04"]
[Round "4"]
[White "Gordima"]
[Black "OparinGrigoriy"]
[Result "0-1"]
[WhiteElo "2809"]
[BlackElo "3041"]
[TimeControl "180+2"]
[EndTime "13:52:14 PST"]
[Termination "OparinGrigoriy won on time"]

1. d4 Nf6 2. Nf3 e6 3. Bg5 d5 4. Nbd2 Be7 5. e3 Nbd7 6. Bd3 h6 7. Bh4 b6 8. c3 Bb7 9. a4 a6 10. Qc2 c5 11. O-O Rc8 12. Rae1 O-O 13. Qb1 Re8 14.
Ne5 Nxe5 15. dxe5 Nd7 16. Bg3 Nf8 17. f4 d4 18. cxd4 cxd4 19. e4 Qd7 20. Nc4 Rxc4 21.
Bxc4 Qxa4 22. Bd3 Nd7 23. f5 Bg5 24. Qd1 Qxd1 25. Rxd1 exf5 26. exf5 Nxe5 27. Bf4 Nf3+ 28. gxf3 Bxf4 29. Be4 Bxe4 30. fxe4 Rxe4 31. Kf2 Be5 32. h3 Re3 33. Ra1 Rxh3 34. Rxa6 d3 35. Rd1 Bxb2 36. Kg2 Re3 37. Rxb6 Bc3 38. Kf2 Re5 39.
Rb8+ Kh7 40. Rxd3 Rxf5+ 41. Rf3 Rxf3+ 42. Kxf3 g5 43. Rc8 Bg7 44. Rc6 f6 45. Ke4 Kg6 46.
Rc1 h5 47. Rf1 Bf8 48. Rh1 Bd6 49. Rf1 h4 50. Rd1 Be5 51. Rb1 g4 52. Rc1 h3 53.
Rc8 h2 54. Rh8 f5+ 55. Kxe5 g3 56. Rh3 g2 57. Rg3+ Kf7 58. Rxg2 h1=Q 59. Re2 Qf3 0-1

[Event "*** Titled Tuesday Blitz"]
[Site "Chess.com"]
[Date "2020.02.04"]
[Round "4"]
[White "Kimster98"]
[Black "cukus"]
[Result "1-0"]
[WhiteElo "2697"]
[BlackElo "2480"]
[TimeControl "180+2"]
[EndTime "13:52:21 PST"]
[Termination "Kimster98 won by resignation"]

1. Nf3 c5 2. b3 Nc6 3. Bb2 d5 4.
e3 a6 5. d4 Bf5 6. Bd3 Bxd3 7. Qxd3 e6 8. dxc5 Nf6 9. a3 Bxc5 10.
Nbd2 O-O 11. O-O Qe7 12. b4 Ba7 13. c4 dxc4 14. Nxc4 Rfd8 15. Qe2 Ne4 16. Rfd1 f6 17. Rxd8+ Rxd8 18. Rd1 Rxd1+ 19. Qxd1 Qd8 20. Qxd8+ Nxd8 21. Kf1 b5 22. Na5 e5 23. Ke2 Kf7 24. Nd2 Nxd2 25. Kxd2 Ke6 26. f3 Kd7 27. Kd3 Nc6 28. Nb3 Kd6 29.
e4 Nd8 30. Bc1 Ne6 31. Be3 Bxe3 32. Kxe3 g6 33. g3 Kc6 34. h4 Kd6 35. f4 g5 36.
f5 Nc7 37. hxg5 fxg5 38. Nc5 h5 39. Kf3 Ke7 40. Kg2 Kd6 41. g4 h4 42. Kf3 Ke7 43. Kf2 Ne8 44. Nxa6 Nd6 45. Nc5 Nc4 46. a4 bxa4 47.
Nxa4 Nd2 48. Nc5 Nc4 49. b5 Nb6 50. Kf3 Kf6 51. Kg2 Ke7 52. Nd3 Kf6 53. Nb4 Kf7 54. Nd5 Nxd5 55. exd5 e4 56. b6 e3 57. b7 e2 58. Kf2 h3 59. b8=Q 1-0

[Event "*** Titled Tuesday Blitz"]
[Site "Chess.com"]
[Date "2020.02.04"]
[Round "4"]
[White "Mikasinski"]
[Black "JozefKneht"]
[Result "1-0"]
[WhiteElo "2252"]
[BlackElo "2434"]
[TimeControl "180+2"]
[EndTime "13:52:22 PST"]
[Termination "Mikasinski won by checkmate"]

1. e4 c6 2. d4 d5 3. e5 Bf5 4.
h3 e6 5. g4 Be4 6. f3 Bg6 7. h4 h5 8. g5 Ne7 9. Bd3 Bxd3 10.
Qxd3 Nf5 11. Ne2 Qb6 12. c3 Nd7 13. Nd2 c5 14. Nf1 cxd4 15. cxd4 Rc8 16. Ne3 Bb4+ 17. Kf2 Nxe3 18. Bxe3 Be7 19. g6 f5 20. exf6 Nxf6 21.
Rac1 O-O 22. b3 Ng4+ 23. Kg2 Nxe3+ 24. Qxe3 Rxc1 25. Qxc1 Qd8 26. Qe3 Rf6 27. Nf4 Qd6 28. Nxh5 Rxg6+ 29. Kf2 Rh6 30. Nf4 Bxh4+ 31. Ke2 Qa6+ 32.
Kd1 Qxa2 33. Rxh4 Rxh4 34. Qxe6+ Kh7 35. Qf5+ Kg8 36. Qxd5+ Kh7 37. Qf5+ Kg8 38. Qe6+ Kh7 39. Qe4+ Kh8 40. Ng6+ Kg8 41. Nxh4 Qxb3+ 42. Ke2 Qb2+ 43. Kf1 Qc1+ 44. Kg2 Qg5+ 45. Kh3 Qg1 46. Qxb7 Qh1+ 47.
Kg4 Qg1+ 48. Kf5 Qxd4 49. Qa8+ Kh7 50. Qe4 Qc5+ 51. Kg4+ Kg8 52. Nf5 Qc8 53. Kg5 Qd8+ 54. Qe7 Qd2+ 55. Kg4 Qg2+ 56. Kf4 Qh2+ 57. Ke4 Qe2+ 58.
Ne3 Qa6 59. f4 Qa4+ 60. Kf3 Qc6+ 61. Kf2 Qb6 62. f5 a5 63. Kg3 a4 64. Qe8+ Kh7 65. Qe4 Kg8 66. Nd5 Qb3+ 67. Kf4 a3 68. Qe8+ Kh7 69. Qg6+ Kg8 70. Nf6+ Kf8 71. Qe8# 1-0

[Event "*** Titled Tuesday Blitz"]
[Site "Chess.com"]
[Date "2020.02.04"]
[Round "4"]
[White "icychess54"]
[Black "korbul"]
[Result "0-1"]
[WhiteElo "2402"]
[BlackElo "2575"]
[TimeControl "180+2"]
[EndTime "13:52:24 PST"]
[Termination "korbul won by resignation"]

1. c4 e5 2. Nc3 d6 3. Nf3 f5 4. e3 Nf6 5. Be2 Be7 6. O-O O-O 7. b3 c5 8. Bb2 Nc6 9. d4 cxd4 10. exd4 e4 11.
Ne1 Kh8 12. d5 Ne5 13. Nc2 f4 14. Nd4 Qe8 15. Qc2 Qg6 16. f3 e3 17. Qxg6 hxg6 18.
Ba3 a6 19. Na4 Bf5 20. Rad1 Nfd7 21. Ne6 g5 22. Nxf8 Bxf8 23. g3 Be7 24. h4 Rf8 25. Kg2 gxh4 26. gxf4 Ng6 27. Rd4 Bf6 28. Rfd1 Bxd4 29.
Rxd4 Rf6 30. Bc1 Bb1 31. Bxe3 Bxa2 32. Bd1 Bb1 33. Nc3 Bf5 34. Ne4 Bxe4 35. Rxe4 Kg8 36. Bc2 Kf7 37. Kh3 Nc5 38. Bxc5 dxc5 39. Kg4 h3 40. Kxh3 Ne7 41. Kg4 Nc8 42. Re6 Nd6 43. f5 b5 44. Bd3 b4 45. Kf4 g6 46. Ke5 Rxf5+ 47. Bxf5 Nxf5 48. Rxa6 Nd4 49. d6 Nxb3 50.
Ra7+ Ke8 51. Ke6 Nd4+ 52. Kd5 b3 53. Rb7 Kd8 54. d7 Nxf3 55. Kxc5 Ne5 56. Kd6 Nxc4+ 57. Kc5 Na5 58. Rb5 b2 59. Rxb2 Kxd7 60. Kb6 Nc4+ 61.
Kc5 Nxb2 62. Kd5 Ke7 63. Ke5 0-1

[Event "*** Titled Tuesday Blitz"]
[Site "Chess.com"]
[Date "2020.02.04"]
[Round "4"]
[White "chessasuke"]
[Black "Korona_91"]
[Result "1-0"]
[WhiteElo "2671"]
[BlackElo "2430"]
[TimeControl "180+2"]
[EndTime "13:52:25 PST"]
[Termination "chessasuke won by resignation"]

1. e4 e6 2. d4 d5 3. Nc3 Bb4 4.
e5 c5 5. a3 Bxc3+ 6. bxc3 Qa5 7. Bd2 Qa4 8. Qb1 c4 9. h4 Ne7 10. h5 h6 11. g3 Nbc6 12. Rh4 b6 13. Rg4 Rg8 14. Rf4 Bd7 15. Nf3 Rf8 16. Rg4 Rg8 17.
Nh4 O-O-O 18. Qd1 Nf5 19. Nxf5 exf5 20. Rf4 Be6 21. Bh3 Ne7 22. Ra2 Kb8 23. Qf3 g5 24.
hxg6 fxg6 25. Rh4 g5 26. Rxh6 g4 27. Qh1 Ng6 28. Bg2 Qb5 29. Ke2 Rh8 30. Qh5 Rxh6 31. Qxh6 f4 32. gxf4 Bf5 33. Qg5 Rf8 34. Ra1 Bxc2 35. e6 Bd3+ 36. Ke1 Qe8 37. Qxd5 Kc7 38. Qb7+ Kd6 39. d5 Nh4 40. Bh1 Nf3+ 41. Bxf3 gxf3 42.
Be3 Rh8 43. Kd2 Qb5 44. Qc6+ Qxc6 45. dxc6 Kxc6 46. Bd4 Rf8 47. e7 Re8 48. Bf6 Kd6 49. Rh1 Ke6 50. Rh6 Kf7 51. Bg5 Rc8 52. Rd6 Re8 53. Ke3 Bg6 54. Kxf3 Bh5+ 55. Ke3 b5 56. Kd4 a5 57. Kc5 Rb8 58. Rd8 1-0

[Event "*** Titled Tuesday Blitz"]
[Site "Chess.com"]
[Date "2020.02.04"]
[Round "4"]
[White "karinachess1"]
[Black "ural58"]
[Result "0-1"]
[WhiteElo "2483"]
[BlackElo "2347"]
[TimeControl "180+2"]
[EndTime "13:52:25 PST"]
[Termination "ural58 won on time"]

1. Nf3 d5 2. d4 Nc6 3. g3 Bf5 4. Bg2 Nb4 5. Na3 e6 6. O-O a5 7. c3 Na6 8. Nc2 Be7 9. Nce1 h6 10. Nd3 Nf6 11. Re1 O-O 12. Nfe5 c5 13. Be3 c4 14. Nc1 b5 15. f3 b4 16. Qd2 Qb6 17. g4 Bh7 18. h4 bxc3 19. bxc3 Ba3 20. g5 hxg5 21.
hxg5 Qb2 22. gxf6 gxf6 23. Nd7 Kh8 24. Nxf8 Rxf8 25. Bh6 Rg8 26. Kh1 Rg6 27. Bf4 Kg7 28.
Qxb2 Bxb2 29. Rb1 Bxc3 30. Rg1 Nb4 31. a3 Nc6 32. Rb7 Bxd4 33. e3 Bc3 34. Bf1 e5 35. Rxg6+ Bxg6 36. Bg3 Bd2 37. Na2 Bxe3 38. Rc7 Nd4 39. Nc3 Ne6 40. Rc8 d4 41. Bxc4 dxc3 42. Bxe6 fxe6 43. Rxc3 Bd4 44. Rc7+ Kh6 45. Be1 a4 46.
Rc4 Be8 47. Bd2+ Kg6 48. Bc3 Be3 49. Kg2 Kf5 50. Bb4 Bb5 51. Rh4 Bg5 52. Rh8 Bc4 53.
Ra8 Bb3 54. Ra5 Be3 55. Be1 Bc1 56. Bb4 Bb2 57. Ra8 e4 58. fxe4+ Kxe4 59. Re8 Kd3 60. Kf3 Bd5+ 61. Kf2 Bd4+ 62. Ke1 f5 63. Rd8 f4 0-1

[Event "*** Titled Tuesday Blitz"]
[Site "Chess.com"]
[Date "2020.02.04"]
[Round "4"]
[White "GMKrikor"]
[Black "BeanScreen"]
[Result "0-1"]
[WhiteElo "2793"]
[BlackElo "2578"]
[TimeControl "180+2"]
[EndTime "13:52:27 PST"]
[Termination "BeanScreen won by resignation"]

1. Nf3 d5 2. c4 dxc4 3. e3 Nf6 4. Bxc4 e6 5. O-O c5 6. d4 a6 7. Nc3 b5 8. Bb3 Bb7 9. e4 cxd4 10. Nxd4 Nc6 11. Nxc6 Bxc6 12. Qe2 Be7 13. Bg5 h6 14. Rad1 Qc7 15. Bxf6 Bxf6 16. Nd5 Bxd5 17. exd5 e5 18.
d6 Qd7 19. f4 O-O 20. fxe5 Rae8 21. Rd5 Re6 22. Re1 Rfe8 23. Qh5 Qa7+ 24. Kf1 Bxe5 25. Rexe5 Rf6+ 26. Rf5 Qe3 27. g3 g6 28. d7 Rd8 29.
Rxf6 gxh5 30. Rfd6 Qf3+ 31. Kg1 Qe3+ 32. Kf1 Qf3+ 33.
Ke1 Qe3+ 34. Kd1 Qg1+ 35. Kd2 Qxh2+ 36. Kc3 Qxg3+ 37. Kb4 h4 38. Ka5 h3 39. Rxh6 Qe1+ 40.
Kxa6 Qe3 41. Rdd6 Ra8+ 42. Kxb5 Rb8+ 43. Rb6 Qd3+ 44. Kc5 Rxb6 45. Rxb6 Qxd7 46. Rd6 Qc7+ 47. Rc6 Qe5+ 48. Kb6 h2 49. Rc1 Qe3+ 50. Rc5 h1=Q 51. a4 Qhg1 0-1

[Event "*** Titled Tuesday Blitz"]
[Site "Chess.com"]
[Date "2020.02.04"]
[Round "4"]
[White "Bulldog167"]
[Black "mbojan"]
[Result "1/2-1/2"]
[WhiteElo "2673"]
[BlackElo "2755"]
[TimeControl "180+2"]
[EndTime "13:52:28 PST"]
[Termination "Game drawn by repetition"]

1. d4 Nf6 2. c4 g6 3. Nc3 d5 4. Nf3 Bg7 5. Bg5 Ne4 6. cxd5 Nxg5 7. Nxg5 e6 8. Qd2 exd5 9. Qe3+ Kf8 10. Qf4 Bf6 11.
h4 c6 12. O-O-O h6 13. Nf3 Kg7 14. e4 dxe4 15. Ne5 Bf5 16. Bc4 Rf8 17. g4 Bxh4 18. Nxe4 Bxe4 19. Qxe4 Qf6 20. f4 Na6 21. Nd7 Qe7 22.
Qxe7 Bxe7 23. Nxf8 Rxf8 24. Bxa6 bxa6 25. Kd2 Rd8 26. Ke3 Bf6 27. Rd3 Rd6 28. Rc1 h5 29. g5 Bd8 30. Rdc3 Bb6 31. Rxc6 Bxd4+ 32. Ke4 Rd8 33. Rc8 Bxb2 34. Rxd8 Bxc1 35. Rd7 a5 36. Rxa7 Bd2 37. f5 h4 38. f6+ Kg8 39. Kf3 Bxg5 40. Rxa5 Bxf6 41. a4 Kg7 42. Rb5 Bd4 43. a5 f5 44. a6 Kf6 45. Rb7 g5 46. a7 g4+ 47.
Kf4 Bxa7 48. Rxa7 h3 49. Ra6+ Kf7 50. Rh6 Kg7 51. Ra6 Kf7 52. Kg3 Kg7 53. Rb6 Kf7 54.
Kf4 Kg7 55. Ra6 Kf7 1/2-1/2

[Event "*** Titled Tuesday Blitz"]
[Site "Chess.com"]
[Date "2020.02.04"]
[Round "4"]
[White "Keaton87"]
[Black "IMTominho"]
[Result "0-1"]
[WhiteElo "2558"]
[BlackElo "2794"]
[TimeControl "180+2"]
[EndTime "13:52:34 PST"]
[Termination "IMTominho won on time"]

1. d4 d5 2. Bg5 c5 3. dxc5 Nf6 4.
Bxf6 gxf6 5. Nd2 Nd7 6. e4 Nxc5 7.
Qh5 Qb6 8. O-O-O dxe4 9. Nxe4 Bh6+ 10. Kb1 Nxe4 11. Bb5+ Kf8 12. Qxh6+ Kg8 13. Ne2 Nxf2 14. Nf4 Ng4 15. Qh5 Ne5 16. Qh6 Ng4 17. Qh5 Ne3 18.
Rd3 Bf5 19. Rxe3 Bxc2+ 20. Kxc2 Qxe3 21. Qg4+ Kf8 22. Bd3 h5 23. Qf5 Rd8 24. Rd1 Qe5 25. Qxe5 fxe5 26. Ne2 e6 27. Nc3 f5 28. Rf1 Ke7 29.
Bc4 Rd4 30. Bb3 h4 31. Ne2 Rc8+ 32. Nc3 a6 33. Rf3 Rg4 34. g3 e4 35. Re3 hxg3 36. hxg3 Kf6 37. Kd2 Ke5 38. Ne2 Rg7 39. Nf4 Rc6 40.
Nd3+ Kf6 41. Nf4 Rd6+ 42. Ke1 Rh7 43. Rc3 Rh1+ 44. Kf2 e5 45. Nd5+ Kg5 46. Rc8 Rh2+ 47. Kg1 Rxb2 48. Rg8+ Kh6 49. Kf1 Rxb3 50. Ne7 Rf3+ 51.
Ke2 Kh7 52. Rg5 Rf6 53. Nd5 Rg6 54. Rh5+ Kg7 55. Ne7 Kf6 56. Nd5+ Ke6 57. Ne3 Rxe3+ 58. Kxe3 Rxg3+ 0-1

[Event "*** Titled Tuesday Blitz"]
[Site "Chess.com"]
[Date "2020.02.04"]
[Round "4"]
[White "heyiampotato"]
[Black "VALPARAISO37"]
[Result "0-1"]
[WhiteElo "2450"]
[BlackElo "2264"]
[TimeControl "180+2"]
[EndTime "13:52:53 PST"]
[Termination "VALPARAISO37 won by resignation"]

1. d4 Nf6 2. c4 e6 3. Nf3 d5 4.
Nc3 a6 5. cxd5 exd5 6. Bg5 Be6 7. e3 Bd6 8. Bd3 Nbd7 9. h3 c6 10. O-O Qc7 11. Qd2 O-O 12. Bf4 c5 13. Bxd6 Qxd6 14.
dxc5 Nxc5 15. Nd4 Rfd8 16. Rac1 b5 17. Nce2 Rac8 18. Nf4 Nce4 19. Qa5 g5 20. Nfxe6 fxe6 21. Nc6 Rf8 22. Nb4 Nc5 23. Be2 h5 24. Qa3 Na4 25.
Rfe1 g4 26. hxg4 hxg4 27. g3 Rxc1 28. Rxc1 Ne4 29. Nd3 Qxa3 30. bxa3 Nec3 31. Bxg4 Kf7 32. Ne5+ Kg7 33. f4 Rc8 34. Kg2 Re8 35. Bf3 Re7 36. g4 Re8 37. g5 Rh8 38. g6 Rh4 39. Kg3 Rh8 40. Rc2 Rc8 41. Rh2 Rh8 42. Rxh8 Kxh8 43.
Bg4 Nxa2 44. Bxe6 N2c3 45. Kg4 Kg7 46. f5 Nc5 47. Bf7 a5 48. Nc6 a4 49. Nb4 N3e4 50. Nxd5 Nf6+ 51. Nxf6 Kxf6 52. Kf4 Nd3+ 53. Kg4 Ne5+ 54.
Kf4 Nxf7 55. gxf7 Kxf7 56. e4 b4 57. e5 bxa3 58. e6+ 0-1

[Event "*** Titled Tuesday Blitz"]
[Site "Chess.com"]
[Date "2020.02.04"]
[Round "4"]
[White "maciek_92"]
[Black "MartinCerveny"]
[Result "0-1"]
[WhiteElo "2833"]
[BlackElo "2602"]
[TimeControl "180+2"]
[EndTime "13:53:08 PST"]
[Termination "MartinCerveny won by checkmate"]

1. c4 Nf6 2. Nc3 c5 3. g3 Nc6 4.
Bg2 g6 5. e3 Bg7 6. Nge2 O-O 7.
O-O d6 8. d4 Bg4 9. d5 Ne5 10. f3 Bd7 11. b3 g5 12. f4 gxf4 13.
exf4 Ng6 14. h3 a6 15. Qd3 b5 16. Bd2 bxc4 17. bxc4 Rb8 18. g4 h6 19. Rab1 Qc7 20.
Rxb8 Rxb8 21. g5 hxg5 22. fxg5 Nh7 23. Be4 Nhf8 24. Qg3 Ne5 25. h4 Nxc4 26. Bc1 Qc8 27. h5 Bg4 28. h6 Be5 29. Bf4 Bh5 30. Bxe5 Nxe5 31. Bf5 Qc7 32. Nf4 Bg6 33. Bxg6 Nfxg6 34. Nxg6 fxg6 35. Ne2 c4 36. Nf4 c3 37. Ne6 Qb6+ 38.
Kh1 c2 39. h7+ Kh8 40. Qf4 Qb1 41. Kg2 c1=Q 42. Rxc1 Qb2+ 43. Kh3 Qe2 44. Rf1 Qh5+ 45. Kg3 Qe2 46. Rf2 Qd3+ 47. Kh2 Qxd5 48. Nf8 Rb1 49. Rg2 Qd1 50. Nxg6+ Kxh7 51. Qh4+ Kxg6 52. Qh6+ Kf5 53. Qh7+ Kf4 54. Rf2+ Nf3+ 55. Rxf3+ Kxf3 56. Qh5+ Ke3 57. Qh3+ Kd4 58. Qh4+ Kc5 59. Qf2+ Kc6 60. g6 Qh1+ 61. Kg3 Rg1+ 62. Kf4 e5+ 63. Kf5 Qh5+ 64. Ke6 Rxg6+ 65. Ke7 Qh7+ 66. Kd8 Rg8+ 67. Qf8 Rxf8# 0-1

[Event "*** Titled Tuesday Blitz"]
[Site "Chess.com"]
[Date "2020.02.04"]
[Round "4"]
[White "GianmarcoVaR"]
[Black "Orest_Vovk"]
[Result "1-0"]
[WhiteElo "2622"]
[BlackElo "2383"]
[TimeControl "180+2"]
[EndTime "13:53:08 PST"]
[Termination "GianmarcoVaR won by resignation"]

1. d4 h6 2. e4 g5 3. h4 d5 4.
e5 g4 5. h5 c5 6. c3 Nc6 7.
dxc5 Bf5 8. Bf4 e6 9. Nd2 Bxc5 10.
Nb3 Bb6 11. Bd3 Nge7 12. Bxf5 Nxf5 13. Qxg4 d4 14. Rd1 Qd5 15. Qf3 O-O-O 16. Qxd5 Rxd5 17. c4 Rd7 18. g4 Nfe7 19. Nf3 Bc7 20. Nbxd4 Rhd8 21. Bxh6 Nxd4 22. Rxd4 Rxd4 23. Nxd4 Rxd4 24. Bg7 Rxg4 25. h6 Bxe5 26. Bxe5 Re4+ 27. Kd2 Rxe5 28. h7 Ng6 29. h8=Q+ Nxh8 30. Rxh8+ Kc7 31. Rf8 Rf5 32. Ke3 e5 33. f3 a6 34. b3 Rf4 35. Re8 f6 36. Re6 Kd7 37. Rb6 Kc7 38. Re6 Kd7 39. Rb6 Kc7 40. c5 a5 41. a3 a4 42.
b4 Rc4 43. Rxf6 Rc3+ 44. Ke4 Rxa3 45. b5 Rb3 46. b6+ Kd7 47. Kd5 Rd3+ 48. Kc4 Rd4+ 49. Kb5 a3 50. Rf7+ Kc8 51. Rc7+ Kd8 52. Rxb7 Ra4 53. Rb8+ Kd7 54. c6+ Ke6 55. c7 a2 56.
c8=Q+ Kd5 57. Qc5+ Ke6 58. Re8+ Kf7 59. Qe7+ Kg6 60.
Qe6+ Kg5 61. Qg4+ Kf6 62. Re6+ 1-0

[Event "*** Titled Tuesday Blitz"]
[Site "Chess.com"]
[Date "2020.02.04"]
[Round "4"]
[White "FearNoEvil12"]
[Black "ehrenfeld"]
[Result "1-0"]
[WhiteElo "2050"]
[BlackElo "2492"]
[TimeControl "180+2"]
[EndTime "13:53:09 PST"]
[Termination "FearNoEvil12 won on time"]

1. e4 e5 2. d4 exd4 3. Bc4 Nf6 4. Nf3 Nc6 5. e5 d5 6. Bb5 Ne4 7. Nxd4 Bd7 8. Bxc6 bxc6 9. O-O Bc5 10. f3 Ng5 11. f4 Ne4 12. Nc3 f5 13. Be3 O-O 14. Qf3 Bb6 15.
Rad1 Qe7 16. Nce2 c5 17. Nb3 d4 18. Bf2 Rad8 19. Ng3 Bc6 20. Rfe1 Bd5 21. Nxf5 Rxf5 22. Rxe4 Bxe4 23. Qxe4 Rdf8 24. g3 g5 25. c3 gxf4 26.
cxd4 fxg3 27. Bxg3 cxd4 28. Nxd4 Qe6 29. Kg2 Bxd4 30.
Rxd4 Qg6 31. Qd5+ Kh8 32. Rd2 h5 33. Qd4 Rf4 34. Qd3 Rf2+ 35. Kg1 Rf1+ 36. Qxf1 Rxf1+ 37. Kxf1 Qf5+ 38. Rf2 Qd3+ 39. Kg2 h4 40. Bf4 h3+ 41. Kg1 Qd1+ 42. Rf1 Qd4+ 43. Rf2 Qd1+ 44. Rf1 Qe2 45.
Rf2 Qe1+ 46. Rf1 Qe4 47. Rf2 Kh7 48. Bg3 Kg6 49. Rf6+ Kg5 50. Rf2 Qb1+ 51. Rf1 Qxb2 52. Rf2 Qb1+ 53. Rf1 Qxa2 54. Rf2 Qb1+ 55. Rf1 Qe4 56.
Rf2 a5 57. Kf1 a4 58. Re2 Qd3 59. Kf2 Qd4+ 60. Kf1 Qd1+ 61. Kf2 Qd4+ 62. Kf1 a3 63. e6 Qd1+ 64. Be1 a2 65. e7 a1=Q 66. e8=Q Qf6+ 67. Rf2 Qd3+ 68. Kg1 1-0

[Event "*** Titled Tuesday Blitz"]
[Site "Chess.com"]
[Date "2020.02.04"]
[Round "4"]
[White "MarcoRiehle"]
[Black "gena217"]
[Result "0-1"]
[WhiteElo "2639"]
[BlackElo "2990"]
[TimeControl "180+2"]
[EndTime "13:53:16 PST"]
[Termination "gena217 won by resignation"]

1. e4 e5 2. Nf3 Nc6 3. Bc4 Bc5 4. c3 Nf6 5. d4 exd4 6. cxd4 Bb4+ 7. Nbd2 d5 8. exd5 Nxd5 9. O-O O-O 10. a3 Be7 11.
b4 Nb6 12. Ba2 Nxd4 13. Nxd4 Qxd4 14. Rb1 Bg4 15. Qc2 c6 16. Bb2 Qd7 17. Ne4 Nd5 18.
Rfe1 Rad8 19. h3 Bf5 20. Rbd1 Rfe8 21. Qc4 Bf8 22. Nc5 Qc7 23. Nd3 Bxd3 24. Qxd3 Rxe1+ 25. Rxe1 Nxb4 26. Bxf7+ Kxf7 27. Qf3+ Kg8 28. axb4 Qf7 29.
Qc3 Rd5 30. g3 Rb5 31. Re4 Rf5 32. Qd4 a6 33. h4 h6 34. Qd2 Rd5 35. Qe2 Rf5 36.
Rg4 a5 37. bxa5 Rxa5 38. Qd2 Ra2 39. Qd4 c5 40. Qe5 b5 41. h5 Ra6 42. Qb8 Kh7 43. Be5 Qf3 44. Rf4 Qd1+ 45. Kg2 Qd5+ 46. Kh2 Ra8 47. Qc7 Qg8 48. Rf7 b4 49. Qb7 Re8 50. Ba1 c4 51. Qf3 Kh8 52. Qf5 c3 53. Kg2 Ra8 54. g4 Be7 55. Rxe7 Rxa1 56. Qg6 Ra8 57. Rc7 Qd5+ 58. f3 Qe5 59. Rd7 b3 60. f4 Qe2+ 61. Kg3 Qe3+ 62. Kh4 Qf2+ 63. Kh3 Qf3+ 64. Kh4 Rg8 65. Qf5 Qf2+ 66. Kh3 Qf3+ 67. Kh4 c2 68. Rxg7 Qf2+ 69. Kh3 Qe3+ 70. Kh4 Qe1+ 71. Kh3 Qc3+ 72. Kh4 Qxg7 0-1

[Event "*** Titled Tuesday Blitz"]
[Site "Chess.com"]
[Date "2020.02.04"]
[Round "4"]
[White "Terao90"]
[Black "Dhaydon19"]
[Result "0-1"]
[WhiteElo "2424"]
[BlackElo "2670"]
[TimeControl "180+2"]
[EndTime "13:53:16 PST"]
[Termination "Dhaydon19 won by checkmate"]

1. d4 c6 2. c4 d5 3. Nf3 Nf6 4. e3 e6 5. Nc3 Bd6 6. Qc2 Nbd7 7. b3 O-O 8. Bb2 dxc4 9. bxc4 e5 10. Be2 Qe7 11.
O-O Re8 12. Rfd1 e4 13. Nd2 Nf8 14. Re1 Bf5 15. Qb3 Ng6 16. f3 exf3 17. Bxf3 Ng4 18. Bxg4 Bxg4 19. e4 Bf4 20. Nf1 Nh4 21. Qc2 Qg5 22.
Qf2 Bh5 23. Ng3 Bg4 24. Bc1 Bxc1 25. Raxc1 Rad8 26. e5 Ng6 27. Nce4 Qh4 28. Nd6 Re7 29. Rf1 c5 30. h3 Bd7 31. Kh2 Qxd4 32. Ndf5 Bxf5 33. Nxf5 Qxe5+ 34. Kh1 Red7 35. Rce1 Qc7 36. h4 h5 37. Qf3 Qc6 38. Qxh5 Rd2 39. Re2 Rxe2 40.
Qxe2 Re8 41. Qf3 Re4 42. h5 Nh4 43. Qg3 Nxf5 44. Rxf5 Qe6 45. Rxc5 Kh7 46. Rg5 Qf6 47. Qd3 Qf4 48. Rg3 f5 49. Qf3 Re1+ 50. Kh2 Qxf3 51. Rxf3 Re5 52. Rc3 b6 53. Rb3 Kh6 54. Ra3 Re7 55.
Rf3 Rf7 56. Rc3 Kxh5 57. c5 bxc5 58. Rxc5 Kg4 59. Ra5 f4 60. Kg1 g5 61. Kf2 Rb7 62.
Kg1 Kh4 63. Kf2 g4 64. Ra6 Rb2+ 65. Kg1 Kg3 66. Ra3+ f3 67. gxf3 Rb1# 0-1

[Event "*** Titled Tuesday Blitz"]
[Site "Chess.com"]
[Date "2020.02.04"]
[Round "4"]
[White "Witik"]
[Black "jguerramzllo"]
[Result "0-1"]
[WhiteElo "2597"]
[BlackElo "2499"]
[TimeControl "180+2"]
[EndTime "13:53:18 PST"]
[Termination "jguerramzllo won by resignation"]

1. e4 e5 2. Nf3 Nc6 3. Nc3 Nf6 4. Bb5 Bd6 5. d3 O-O 6. Bg5 a6 7. Ba4 b5 8. Bb3 Be7 9. a4 b4 10. Bxf6 Bxf6 11. Nd5 Rb8 12. a5 d6 13. Rg1 Nd4 14. Nxd4 exd4 15. f4 c6 16. Nxf6+ Qxf6 17. Qf3 Be6 18. Kd2 Bxb3 19. cxb3 Qe6 20. Kc2 Rb5 21. Qd1 f5 22. Re1 fxe4 23. Rxe4 Qd5 24. Ra4 Rxa5 25.
Rxb4 Rb5 26. Rxb5 axb5 27. Qg4 Qc5+ 28. Kb1 d5 29. Qe6+ Kh8 30. Qe7 Qxe7 31. Rxe7 Kg8 32. g3 Rf6 33. Ka2 Rh6 34. Rc7 b4 35. h4 Rg6 36. Rb7 Rxg3 37. Rxb4 Rxd3 38. Rb7 Rf3 39. Kb1 d3 40. Kc1 Rxf4 41. Rc7 Rf6 42. Kd2 h6 43. h5 g6 44. hxg6 Rxg6 45. Kxd3 h5 46. Kd4 h4 47. Re7 h3 48. Re1 Kf7 49. Kc5 h2 50. Rh1 Rh6 51. b4 Ke7 52. b5 cxb5 53.
Kxd5 Kd7 54. Kc5 Rh5+ 55. Kb6 b4 56. b3 Kd6 57. Ka6 Kc5 58. Ka5 Rh6 59. Rc1+ Kd4 60. Rh1 Kc3 61. Ka4 Ra6+ 62. Kb5 Rh6 63. Ka4 Rh4 64.
Rc1+ Kd2 65. Rh1 Kd3 66. Kb5 Ke3 67. Kc5 Kf3 68. Kb5 Kg2 69. Rc1 h1=Q 70. Rxh1 Kxh1 0-1

[Event "*** Titled Tuesday Blitz"]
[Site "Chess.com"]
[Date "2020.02.04"]
[Round "4"]
[White "Kislov_Oleg"]
[Black "MisiekZielony"]
[Result "0-1"]
[WhiteElo "2486"]
[BlackElo "2346"]
[TimeControl "180+2"]
[EndTime "13:53:22 PST"]
[Termination "MisiekZielony won by resignation"]

1. d4 Nf6 2. Nc3 d5 3. Bg5 Nbd7 4. Nf3 h6 5. Bf4 c5 6. e3 a6 7. Ne5 e6 8. Bd3 Qb6 9. O-O c4 10. Be2 Qxb2 11. Na4 Qa3 12. c3 b5 13. Nc5 Nxc5 14.
dxc5 Bxc5 15. Bh5 O-O 16. Qf3 Bd6 17. g4 Ne4 18. Nxf7 Bxf4 19. Qxf4 Qe7 20. f3 Ng5 21. Qd6 Rxf7 22. Bxf7+ Kxf7 23. Qg3 Kg8 24. h4 Nf7 25. f4 Nd6 26. g5 Nf5 27. Qh3 h5 28.
Rae1 Qc5 29. g6 Bb7 30. Qf3 Qe7 31. Qxh5 Qxh4 32. Qxh4 Nxh4 33. Kf2 Nxg6 34. Rg1 Ne7 35. Rg5 Nf5 36. Reg1 Kf7 37. Rh5 a5 38. Rb1 Bc6 39. a3 Rb8 40. Rb2 Ke7 41. Rh2 Kd6 42. Ke2 Kc5 43.
Kd2 Bd7 44. Rh3 Bc6 45. Rh2 Rb7 46. Rg2 Nd6 47. Rg6 Ne4+ 48. Kc2 Re7 49. Rb1 Bd7 50. Rbg1 Nd6 51. Rxg7 Rxg7 52. Rxg7 Bc8 53. Rg8 b4 54. axb4+ axb4 55. cxb4+ Kxb4 56. Rd8 Kc5 57. e4 dxe4 58. Kd2 Bb7 59. Rd7 Bd5 60. Rc7+ Kd4 61. Rd7 e3+ 62.
Ke2 Ne4 63. Ra7 c3 64. Ra4+ Bc4+ 65. Kd1 e2+ 66. Ke1 Nd2 67. Ra1 Nf3+ 68. Kf2 e1=Q+ 69. Rxe1 Nxe1 70. Kxe1 Kd3 71. Kd1 c2+ 72. Kc1 Bd5 0-1